General information
- name: BNet
- type: Ladder team game (AT/RT)
- host: Battle.net
- saver: JesusIsMyWigman
map: UpperKingdom
- players: 6
- length: 37:26
- speed: Fast
- version: 1.26 W3XP
- replay type: Public
» download(269 KB)
Players
team 1 (winner)
JesusIsMyWigman (
teal | 125 APM | 4671 actions | 37:26)
5 Archmage
3 Blizzard
2 Brilliance Aura
4 Blood Mage
2 Flame Strike
2 Siphon Mana
4 Pit Lord
2 Rain of Fire
2 Cleaving Attack
» actions
| Assign group hotkey | 356 | |
| Basic commands | 30 | |
| Build / train | 189 | |
| Enter build submenu | 183 | |
| Enter hero's abilities submenu | 13 | |
| Give item / drop item | 5 | |
| Right click | 1836 | |
| Select / deselect | 589 | |
| Select group hotkey | 1063 | |
| Use ability | 407 | |
4671 total
» units
| Peasant | 23 | |
| Mortar Team | 1 | |
| Dragonhawk Rider | 2 | |
26 total
» upgrades
| Masonry | 3 | |
| Magic Sentry | 1 | |
| Lumber Harvesting | 2 | |
| Swords | 3 | |
| Armor | 2 | |
| Animal War Training | 1 | |
| Fragmentation Shards | 1 | |
| Sorceress Training | 1 | |
| Priest Training | 1 | |
| Control Magic | 1 | |
16 total
» buildings
| Altar of Kings | 1 | |
| Farm | 13 | |
| Lumber Mill | 1 | |
| Scout Tower | 231 | |
| Arcane Tower | 23 | |
| Guard Tower | 94 | |
| Arcane Vault | 6 | |
| Keep | 1 | |
| Castle | 1 | |
| Arcane Sanctum | 1 | |
| Town Hall | 1 | |
| Barracks | 1 | |
| Gryphon Aviary | 1 | |
| Blacksmith | 1 | |
| Workshop | 1 | |
377 total
» build order
00:04 Altar of Kings
00:19 Farm
01:04 Farm
01:23 Lumber Mill
01:28 Scout Tower
01:35 Scout Tower
01:38 Scout Tower
01:42 Farm
01:46 Scout Tower
01:49 Scout Tower
01:55 Arcane Tower
01:57 Scout Tower
02:04 Scout Tower
02:06 Arcane Tower
02:18 Scout Tower
02:32 Arcane Tower
02:32 Arcane Tower
02:33 Arcane Tower
02:47 Arcane Tower
02:53 Scout Tower
03:03 Scout Tower
03:18 Scout Tower
03:19 Guard Tower
03:21 Scout Tower
03:22 Guard Tower
03:27 Scout Tower
03:28 Guard Tower
03:31 Scout Tower
03:33 Scout Tower
03:35 Guard Tower
03:37 Scout Tower
03:37 Scout Tower
03:46 Scout Tower
03:53 Arcane Vault
03:55 Arcane Vault
03:58 Scout Tower
03:59 Scout Tower
04:00 Scout Tower
04:07 Guard Tower
04:08 Scout Tower
04:10 Scout Tower
04:11 Guard Tower
04:18 Guard Tower
04:19 Scout Tower
04:20 Scout Tower
04:31 Guard Tower
04:32 Arcane Tower
04:39 Arcane Tower
04:42 Arcane Tower
04:42 Guard Tower
04:45 Scout Tower
04:47 Scout Tower
04:48 Guard Tower
05:04 Guard Tower
05:28 Guard Tower
05:48 Guard Tower
05:52 Scout Tower
05:55 Scout Tower
05:56 Guard Tower
05:58 Scout Tower
06:02 Scout Tower
06:02 Scout Tower
06:18 Keep
06:21 Guard Tower
06:22 Scout Tower
06:23 Scout Tower
06:43 Guard Tower
06:46 Guard Tower
06:48 Scout Tower
06:50 Scout Tower
06:51 Scout Tower
07:00 Arcane Vault
07:02 Arcane Vault
07:04 Arcane Vault
07:09 Scout Tower
07:10 Scout Tower
07:23 Scout Tower
07:26 Arcane Tower
07:27 Scout Tower
07:28 Scout Tower
07:33 Arcane Tower
07:34 Guard Tower
07:56 Guard Tower
07:58 Scout Tower
07:59 Scout Tower
08:12 Guard Tower
08:14 Scout Tower
08:16 Scout Tower
08:40 Guard Tower
08:44 Scout Tower
08:44 Scout Tower
09:15 Castle
09:15 Guard Tower
09:17 Scout Tower
09:18 Scout Tower
09:38 Arcane Sanctum
09:46 Guard Tower
09:49 Guard Tower
09:51 Scout Tower
09:54 Scout Tower
10:00 Guard Tower
10:01 Guard Tower
10:01 Guard Tower
10:01 Guard Tower
10:18 Arcane Tower
10:18 Guard Tower
10:26 Scout Tower
10:44 Scout Tower
10:45 Scout Tower
11:24 Guard Tower
11:26 Scout Tower
12:12 Scout Tower
12:13 Scout Tower
12:14 Arcane Vault
12:17 Guard Tower
12:20 Scout Tower
12:29 Town Hall
13:07 Scout Tower
13:15 Guard Tower
13:17 Scout Tower
13:27 Scout Tower
13:29 Scout Tower
13:40 Guard Tower
14:15 Guard Tower
14:15 Guard Tower
14:18 Scout Tower
14:22 Arcane Tower
14:28 Scout Tower
14:30 Scout Tower
14:30 Scout Tower
14:31 Scout Tower
14:32 Scout Tower
14:33 Scout Tower
14:46 Scout Tower
14:48 Scout Tower
14:49 Scout Tower
14:49 Scout Tower
14:53 Guard Tower
14:54 Scout Tower
14:55 Scout Tower
14:57 Scout Tower
14:58 Scout Tower
14:59 Scout Tower
15:01 Guard Tower
15:02 Scout Tower
15:03 Scout Tower
15:05 Scout Tower
15:06 Scout Tower
15:08 Scout Tower
15:09 Scout Tower
15:11 Scout Tower
15:12 Scout Tower
15:13 Scout Tower
15:22 Guard Tower
15:25 Scout Tower
15:26 Scout Tower
15:27 Scout Tower
15:28 Scout Tower
15:49 Scout Tower
15:50 Scout Tower
15:51 Guard Tower
15:51 Guard Tower
15:52 Guard Tower
16:02 Guard Tower
16:05 Guard Tower
16:15 Guard Tower
16:17 Scout Tower
16:17 Scout Tower
16:18 Scout Tower
16:19 Scout Tower
16:20 Arcane Tower
16:27 Guard Tower
16:28 Scout Tower
16:29 Scout Tower
16:36 Guard Tower
16:38 Scout Tower
16:39 Scout Tower
16:39 Scout Tower
16:40 Scout Tower
16:41 Scout Tower
16:45 Guard Tower
16:54 Scout Tower
16:55 Scout Tower
16:55 Scout Tower
16:56 Scout Tower
16:57 Scout Tower
16:57 Scout Tower
17:41 Guard Tower
17:43 Scout Tower
17:43 Scout Tower
18:06 Scout Tower
18:08 Scout Tower
18:16 Scout Tower
18:34 Guard Tower
18:35 Scout Tower
18:35 Scout Tower
18:44 Scout Tower
18:45 Scout Tower
18:45 Scout Tower
18:46 Scout Tower
18:47 Scout Tower
18:47 Scout Tower
18:50 Guard Tower
18:51 Arcane Tower
18:52 Guard Tower
18:53 Scout Tower
18:54 Scout Tower
19:01 Guard Tower
19:03 Scout Tower
19:20 Barracks
19:26 Scout Tower
19:27 Scout Tower
19:28 Guard Tower
19:31 Scout Tower
19:32 Guard Tower
19:44 Guard Tower
19:46 Scout Tower
19:47 Scout Tower
19:49 Arcane Tower
19:49 Arcane Tower
19:51 Scout Tower
19:51 Scout Tower
19:56 Arcane Tower
19:57 Guard Tower
20:01 Guard Tower
20:03 Scout Tower
20:15 Guard Tower
20:16 Scout Tower
20:17 Scout Tower
20:24 Scout Tower
20:38 Guard Tower
20:40 Scout Tower
20:42 Scout Tower
20:53 Guard Tower
20:56 Guard Tower
20:57 Scout Tower
20:58 Scout Tower
20:59 Scout Tower
20:59 Scout Tower
21:00 Scout Tower
21:00 Scout Tower
21:03 Scout Tower
21:04 Scout Tower
21:04 Scout Tower
21:06 Scout Tower
21:06 Scout Tower
21:07 Scout Tower
21:08 Scout Tower
21:09 Arcane Tower
21:11 Guard Tower
21:27 Scout Tower
21:29 Scout Tower
21:30 Scout Tower
21:50 Scout Tower
21:51 Scout Tower
21:55 Gryphon Aviary
21:57 Farm
21:57 Farm
22:02 Farm
22:03 Blacksmith
22:22 Guard Tower
22:24 Scout Tower
22:25 Scout Tower
22:28 Scout Tower
22:31 Guard Tower
22:43 Guard Tower
22:49 Scout Tower
22:51 Guard Tower
23:15 Scout Tower
23:16 Scout Tower
23:28 Guard Tower
23:35 Scout Tower
23:47 Guard Tower
23:49 Scout Tower
23:50 Scout Tower
23:51 Arcane Tower
23:55 Guard Tower
23:57 Scout Tower
24:01 Scout Tower
24:02 Scout Tower
24:07 Guard Tower
24:21 Scout Tower
24:21 Scout Tower
24:23 Scout Tower
24:34 Guard Tower
24:40 Scout Tower
24:54 Scout Tower
24:56 Scout Tower
25:25 Guard Tower
25:32 Scout Tower
25:42 Scout Tower
25:43 Scout Tower
25:50 Scout Tower
25:52 Scout Tower
25:52 Scout Tower
25:54 Scout Tower
25:54 Scout Tower
25:55 Scout Tower
25:56 Scout Tower
26:07 Guard Tower
26:48 Guard Tower
26:49 Scout Tower
26:50 Scout Tower
26:51 Scout Tower
27:14 Guard Tower
27:21 Arcane Tower
27:22 Guard Tower
27:27 Scout Tower
27:28 Scout Tower
27:29 Scout Tower
27:30 Scout Tower
27:33 Scout Tower
27:36 Scout Tower
27:39 Scout Tower
27:40 Scout Tower
27:41 Scout Tower
27:49 Guard Tower
27:50 Scout Tower
27:51 Scout Tower
27:56 Scout Tower
27:57 Scout Tower
27:57 Scout Tower
27:58 Scout Tower
27:59 Scout Tower
27:59 Scout Tower
28:06 Guard Tower
28:09 Guard Tower
28:28 Guard Tower
28:30 Guard Tower
28:32 Scout Tower
30:26 Guard Tower
31:10 Guard Tower
31:47 Workshop
32:06 Guard Tower
32:47 Scout Tower
32:48 Scout Tower
32:49 Scout Tower
32:50 Scout Tower
32:51 Scout Tower
33:25 Guard Tower
33:28 Scout Tower
33:28 Scout Tower
33:29 Scout Tower
33:30 Scout Tower
33:31 Scout Tower
33:31 Scout Tower
33:32 Scout Tower
33:35 Arcane Tower
33:36 Scout Tower
33:37 Scout Tower
33:37 Scout Tower
33:38 Scout Tower
33:39 Scout Tower
33:40 Guard Tower
33:44 Farm
34:15 Guard Tower
34:31 Guard Tower
35:11 Guard Tower
35:17 Guard Tower
35:26 Farm
35:27 Farm
35:27 Farm
35:28 Farm
35:29 Farm
35:30 Farm
36:01 Guard Tower
36:05 Scout Tower
36:06 Scout Tower
36:07 Scout Tower
36:07 Scout Tower
36:08 Scout Tower
36:09 Scout Tower
» items
| Scroll of Regeneration | 3 | |
| Staff of Sanctuary | 3 | |
| Orb of Lightning | 3 | |
| Scroll of Town Portal | 3 | |
12 total
Mata. (
blue | 112 APM | 4205 actions | 37:25)
5 Warden
2 Shadow Strike
3 Blink
» actions
| Assign group hotkey | 450 | |
| Build / train | 81 | |
| ESC pressed | 2 | |
| Enter build submenu | 28 | |
| Enter hero's abilities submenu | 5 | |
| Give item / drop item | 3 | |
| Remove unit from queue | 2 | |
| Right click | 2577 | |
| Select / deselect | 385 | |
| Select group hotkey | 515 | |
| Use ability | 154 | |
4205 total
» units
» upgrades
| Nature's Blessing | 1 | |
| Well Spring | 1 | |
2 total
» buildings
| Altar of Elders | 1 | |
| Moon Well | 15 | |
| Tree of Life | 5 | |
| Tree of Ages | 5 | |
| Ancient of Wonders | 2 | |
| Ancient of War | 2 | |
| Tree of Eternity | 2 | |
| Hunter's Hall | 1 | |
33 total
» build order
00:03 Altar of Elders
00:26 Moon Well
01:55 Moon Well
06:03 Moon Well
06:08 Moon Well
06:51 Moon Well
06:52 Moon Well
08:34 Tree of Life
08:57 Tree of Ages
08:57 Tree of Ages
08:57 Tree of Ages
09:39 Ancient of Wonders
10:14 Ancient of War
10:15 Ancient of War
13:58 Tree of Eternity
13:58 Tree of Eternity
14:39 Tree of Life
16:55 Ancient of Wonders
17:59 Tree of Life
22:14 Moon Well
22:15 Moon Well
22:17 Moon Well
22:23 Hunter's Hall
23:24 Moon Well
24:25 Moon Well
24:38 Moon Well
25:28 Moon Well
26:30 Moon Well
26:30 Moon Well
32:20 Tree of Life
34:26 Tree of Life
» items
| Healing Salve | 3 | |
| Lesser Clarity Potion | 2 | |
| Potion of Healing | 1 | |
| Orb of Venom | 1 | |
| Scroll of Town Portal | 1 | |
8 total
PleaseFindAGame (
yellow | 85 APM | 3192 actions | 37:25)
5 Blademaster
3 Wind Walk
2 Critical Strike
» actions
| Assign group hotkey | 23 | |
| Basic commands | 3 | |
| Build / train | 105 | |
| ESC pressed | 20 | |
| Enter build submenu | 112 | |
| Enter hero's abilities submenu | 5 | |
| Give item / drop item | 15 | |
| Right click | 1744 | |
| Select / deselect | 366 | |
| Select group hotkey | 507 | |
| Use ability | 290 | |
3192 total
» units
| Peon | 15 | |
| Troll Batrider | 28 | |
| Shaman | 2 | |
| Troll Witch Doctor | 2 | |
| Spirit Walker | 4 | |
| Raider | 4 | |
| Kodo Beast | 4 | |
59 total
» upgrades
| Spiked Barricades | 1 | |
| Reinforced Defenses | 1 | |
| Liquid Fire | 1 | |
| Ranged Weapons | 3 | |
| Envenomed Spears | 1 | |
| War Drums Damage Increase | 1 | |
| Armor | 3 | |
| Shaman Training | 2 | |
| Witch Doctor Training | 2 | |
| Spirit Walker Training | 2 | |
| Ensnare | 1 | |
| Troll Regeneration | 1 | |
19 total
» buildings
| Altar of Storms | 1 | |
| Orc Burrow | 10 | |
| War Mill | 2 | |
| Voodoo Lounge | 4 | |
| Watch Tower | 89 | |
| Stronghold | 1 | |
| Fortress | 2 | |
| Beastiary | 3 | |
| Spirit Lodge | 2 | |
| Barracks | 1 | |
115 total
» build order
00:05 Altar of Storms
00:13 Orc Burrow
00:32 War Mill
01:08 Voodoo Lounge
01:52 Watch Tower
02:29 Watch Tower
02:34 Orc Burrow
02:57 Watch Tower
03:15 Watch Tower
03:19 Watch Tower
03:42 Watch Tower
03:59 Watch Tower
04:22 Watch Tower
04:47 Watch Tower
05:04 Watch Tower
05:23 Stronghold
05:26 Watch Tower
05:46 Watch Tower
05:50 Watch Tower
06:04 Watch Tower
06:11 Watch Tower
06:32 Watch Tower
06:47 Watch Tower
07:58 Fortress
07:58 Fortress
08:04 Watch Tower
08:04 Watch Tower
08:07 Watch Tower
08:10 Watch Tower
09:20 Watch Tower
09:21 Watch Tower
09:27 Watch Tower
09:30 Watch Tower
10:15 Beastiary
10:15 Beastiary
10:20 Orc Burrow
10:23 Voodoo Lounge
10:29 Watch Tower
10:31 Watch Tower
10:36 Watch Tower
10:49 Watch Tower
11:38 Watch Tower
11:39 Watch Tower
11:48 Watch Tower
11:57 Watch Tower
12:10 Voodoo Lounge
12:44 Watch Tower
12:48 Watch Tower
13:03 Watch Tower
13:36 Orc Burrow
13:42 Voodoo Lounge
13:44 Watch Tower
13:53 Watch Tower
14:07 Watch Tower
14:09 Watch Tower
14:12 Watch Tower
14:38 Watch Tower
14:54 Watch Tower
15:04 Watch Tower
15:10 Watch Tower
15:18 Watch Tower
15:21 Watch Tower
15:50 Watch Tower
15:59 Watch Tower
16:02 Watch Tower
16:11 Watch Tower
16:16 Watch Tower
16:43 Watch Tower
17:05 Watch Tower
17:11 Watch Tower
17:13 Watch Tower
17:19 Watch Tower
17:22 Watch Tower
17:58 Watch Tower
18:05 Watch Tower
18:06 Watch Tower
18:59 Watch Tower
19:36 Watch Tower
19:42 Watch Tower
19:42 Watch Tower
20:22 Watch Tower
20:23 Watch Tower
20:24 Watch Tower
20:59 Watch Tower
21:19 Watch Tower
21:21 Watch Tower
21:22 Watch Tower
21:32 Watch Tower
21:36 Watch Tower
22:09 Watch Tower
22:35 Watch Tower
22:36 Watch Tower
22:38 Watch Tower
22:48 Spirit Lodge
23:16 Watch Tower
23:58 Watch Tower
23:59 Watch Tower
24:13 Watch Tower
24:35 Watch Tower
26:50 Barracks
26:56 Watch Tower
28:01 Watch Tower
29:57 Watch Tower
31:08 Watch Tower
31:14 Beastiary
31:16 Spirit Lodge
31:31 War Mill
32:04 Orc Burrow
32:05 Orc Burrow
32:06 Orc Burrow
32:06 Orc Burrow
32:07 Orc Burrow
32:11 Orc Burrow
33:53 Watch Tower
35:38 Watch Tower
» items
| Healing Salve | 3 | |
| Lesser Clarity Potion | 7 | |
| Potion of Healing | 1 | |
| Scroll of Speed | 2 | |
| Potion of Mana | 1 | |
| Scroll of Town Portal | 3 | |
| Scroll of Regeneration | 1 | |
18 total
team 2 (loser)
Vole (
orange | 33 APM | 1221 actions | 37:24)
5 Mountain King
3 Storm Bolt
2 Bash
» actions
| Assign group hotkey | 2 | |
| Basic commands | 3 | |
| Build / train | 76 | |
| Enter build submenu | 29 | |
| Enter hero's abilities submenu | 5 | |
| Give item / drop item | 2 | |
| Right click | 696 | |
| Select / deselect | 337 | |
| Use ability | 71 | |
1221 total
» units
» upgrades
» buildings
| Altar of Kings | 1 | |
| Farm | 3 | |
| Scout Tower | 17 | |
| Arcane Tower | 6 | |
| Arcane Vault | 1 | |
| Lumber Mill | 1 | |
| Guard Tower | 8 | |
| Keep | 1 | |
| Gryphon Aviary | 1 | |
| Castle | 1 | |
| Town Hall | 2 | |
| Arcane Sanctum | 1 | |
43 total
» build order
00:06 Altar of Kings
00:11 Farm
03:16 Scout Tower
03:45 Arcane Tower
06:00 Scout Tower
06:02 Arcane Vault
06:47 Arcane Tower
07:49 Lumber Mill
09:04 Farm
09:10 Scout Tower
09:46 Guard Tower
10:30 Keep
13:22 Gryphon Aviary
14:12 Castle
15:39 Scout Tower
17:06 Guard Tower
19:53 Scout Tower
19:55 Scout Tower
19:58 Scout Tower
20:21 Guard Tower
20:28 Guard Tower
20:29 Arcane Tower
22:22 Town Hall
22:25 Scout Tower
22:26 Scout Tower
22:27 Scout Tower
22:28 Scout Tower
22:29 Scout Tower
22:30 Scout Tower
23:09 Guard Tower
23:31 Farm
23:46 Arcane Tower
23:47 Guard Tower
23:59 Arcane Sanctum
31:19 Town Hall
31:27 Scout Tower
31:47 Scout Tower
31:51 Scout Tower
31:54 Scout Tower
31:59 Guard Tower
32:39 Guard Tower
35:12 Arcane Tower
36:03 Arcane Tower
will_lose (
red | 115 APM | 4280 actions | 37:08)
5 Death Knight
3 Death Coil
2 Unholy Aura
5 Lich
3 Frost Nova
2 Frost Armor
» actions
| Assign group hotkey | 21 | |
| Basic commands | 37 | |
| Build / train | 60 | |
| ESC pressed | 1 | |
| Enter build submenu | 20 | |
| Enter hero's abilities submenu | 10 | |
| Give item / drop item | 1 | |
| Remove unit from queue | 2 | |
| Right click | 1771 | |
| Select / deselect | 274 | |
| Select group hotkey | 1977 | |
| Use ability | 106 | |
4280 total
» units
| Acolyte | 7 | |
| Ghoul | 3 | |
| Crypt Fiend | 8 | |
| Frost Wyrm | 9 | |
27 total
» upgrades
| Creature Attack | 3 | |
| Creature Carapace | 3 | |
| Web | 1 | |
| Freezing Breath | 1 | |
8 total
» buildings
| Graveyard | 1 | |
| Crypt | 1 | |
| Altar of Darkness | 1 | |
| Ziggurat | 9 | |
| Tomb of Relics | 1 | |
| Nerubian Tower | 1 | |
| Halls of the Dead | 1 | |
| Spirit Tower | 2 | |
| Black Citadel | 1 | |
| Sacrificial Pit | 1 | |
| Boneyard | 2 | |
21 total
» build order
00:11 Graveyard
00:14 Crypt
00:30 Altar of Darkness
00:37 Ziggurat
01:06 Tomb of Relics
01:50 Ziggurat
02:10 Nerubian Tower
03:07 Halls of the Dead
03:55 Ziggurat
04:28 Spirit Tower
05:29 Black Citadel
05:50 Ziggurat
06:39 Ziggurat
06:49 Sacrificial Pit
08:06 Boneyard
08:07 Boneyard
10:37 Ziggurat
10:38 Ziggurat
11:56 Ziggurat
11:57 Ziggurat
19:39 Spirit Tower
» items
| Rod of Necromancy | 1 | |
| Dust of Appearance | 1 | |
| Orb of Corruption | 1 | |
| Scroll of Healing | 1 | |
| Potion of Mana | 1 | |
| Potion of Healing | 1 | |
6 total
Wolvegare (
purple | 49 APM | 1836 actions | 37:11)
4 Demon Hunter
2 Mana Burn
2 Evasion
4 Keeper of the Grove
2 Entangling Roots
2 Thorns Aura
» actions
| Assign group hotkey | 20 | |
| Basic commands | 24 | |
| Build / train | 78 | |
| Enter build submenu | 20 | |
| Enter hero's abilities submenu | 8 | |
| Remove unit from queue | 4 | |
| Right click | 1006 | |
| Select / deselect | 333 | |
| Select group hotkey | 287 | |
| Use ability | 56 | |
1836 total
» units
| Wisp | 22 | |
| Huntress | 9 | |
| Dryad | 10 | |
| Glaive Thrower | 10 | |
| Druid of the Claw | 2 | |
53 total
» upgrades
| Reinforced Hides | 1 | |
| Strength of the Wild | 1 | |
| Abolish Magic | 1 | |
| Moon Armor | 1 | |
| Strength of the Moon | 1 | |
| Vorpal Blades | 1 | |
| Druid of the Claw Training | 2 | |
8 total
» buildings
| Altar of Elders | 1 | |
| Moon Well | 10 | |
| Hunter's Hall | 1 | |
| Ancient of War | 2 | |
| Ancient Protector | 1 | |
| Tree of Ages | 2 | |
| Ancient of Lore | 2 | |
| Tree of Life | 2 | |
| Tree of Eternity | 1 | |
22 total
» build order
00:12 Altar of Elders
00:21 Moon Well
01:06 Hunter's Hall
01:11 Ancient of War
01:34 Moon Well
02:35 Ancient of War
03:13 Ancient Protector
03:18 Moon Well
04:34 Moon Well
05:51 Tree of Ages
08:44 Ancient of Lore
09:00 Ancient of Lore
10:36 Moon Well
10:38 Moon Well
12:45 Moon Well
15:19 Moon Well
20:23 Moon Well
20:33 Moon Well
22:01 Tree of Life
24:15 Tree of Ages
28:05 Tree of Life
29:51 Tree of Eternity
Chat log
(00:20 / All) PleaseFindAGame: Hi All
(00:34 / All) will_lose: hey there
(00:40 / All) PleaseFindAGame: from??!??
(00:44 / All) Mata.: howdy howdy y'all
(00:47 / All) will_lose: afghanistan
(00:48 / All) PleaseFindAGame: From
(00:49 / All) JesusIsMyWigman: lie
(00:58 / All) JesusIsMyWigman: calling you out chump
(01:10 / All) Mata.: gl hf inshallah
(01:20 / All) will_lose: same same
(25:02 / All) JesusIsMyWigman: orange
(25:03 / All) JesusIsMyWigman: Noob?
(25:36 / All) JesusIsMyWigman: welcome to our expansion!
(26:10 / All) Vole: fucking tower game
(26:19 / All) Mata.: i knew you was noob
(26:23 / All) Mata.: i knew it
(26:35 / All) JesusIsMyWigman: ur dk
(26:37 / All) JesusIsMyWigman: it died
(26:41 / All) JesusIsMyWigman: was that the way you planned it?
(33:04 / All) JesusIsMyWigman: UR DK
(33:06 / All) JesusIsMyWigman: AGAIN!
(36:51 / All) JesusIsMyWigman: UR MK
(37:05 / All) JesusIsMyWigman: UR DH
(37:13 / All) Mata.: gg
(37:16 / All) JesusIsMyWigman: UR DK
(37:20 / All) Vole: gg?
(37:22 / All) JesusIsMyWigman: GG
(37:24 / All) Mata.: gg
(37:24 / All) PleaseFindAGame: bye
(37:24 / All) JesusIsMyWigman: U bad